 Dungeon Crawl Stone Soup version 0.21.1-1-g345015fe64 (webtiles) character file.

497 RaHiT the Sneak (level 6, -3/47 HPs)
             Began as a Vampire Assassin on Feb 25, 2018.
             Splashed by a jelly's acid (11 damage)
             ... on level 7 of the Dungeon.
             The game lasted 00:15:41 (3288 turns).

RaHiT the Sneak (Vampire Assassin)                  Turns: 3288, Time: 00:15:45

Health: -3/47      AC: -2    Str: 10    XL:     6   Next: 93%
Magic:  6/6        EV: 13    Int: 14    God:
Gold:   127        SH:  0    Dex: 17    Spells: 5/5 levels left

rFire    . . .     SeeInvis +   a - +2 dagger
rCold    . . .     Gourm    .   (no shield)
rNeg     + . .     Faith    .   q - +0 leather armour (curse)
rPois    .         Spirit   .   (no helmet)
rElec    .         Reflect  .   d - +0 cloak
rCorr    .         Harm     .   t - +0 pair of gloves
MR       .....     Rnd*Tele +   (no boots)
Stlth    ++++......             (no amulet)
HPRegen  0.15/turn              p - ring of teleportation (curse)
MPRegen  0.10/turn              (no ring)

@: corroded
A: fangs 3, see invisible, unbreathing
a: Bat Form


You were on level 7 of the Dungeon.
You were not thirsty.

You visited 1 branch of the dungeon, and saw 5 of its levels.

You collected 127 gold pieces.

Inventory:

Hand Weapons
 a - a +2 dagger (weapon)
 b - a +0 blowgun
Missiles
 e - 22 poisoned needles
 f - a curare-tipped needle
 g - 4 tomahawks
 l - a throwing net
 r - 3 javelins (quivered)
Armour
 c - a +0 robe
 d - a +0 cloak (worn)
 i - a +0 shield
 q - a cursed +0 leather armour (worn)
 t - a +0 pair of gloves (worn)
Jewellery
 p - a cursed ring of teleportation (left hand)
Scrolls
 k - a scroll of blinking
 m - a scroll of identify
 n - a scroll of immolation {unknown}
 s - a scroll of amnesia {unknown}
 u - a scroll of remove curse
Potions
 h - 3 potions of curing
 j - 31 potions of blood


   Skills:
 - Level 3.0 Fighting
 + Level 3.5 Short Blades
 - Level 3.0 Throwing
 + Level 2.0 Armour
 + Level 3.4 Dodging
 + Level 7.4 Stealth
 + Level 1.1 Shields


You had 5 spell levels left.
You didn't know any spells.

Dungeon Overview and Level Annotations

Branches:
Dungeon (7/15)
 Temple: D:4-7

Altars:
Cheibriados

Shops:
D:4 (

Annotations:
D:7 Joseph


Innate Abilities, Weirdness & Mutations

You have razor-sharp teeth.
You have supernaturally acute eyesight. (SInv)
You can survive without breathing.


Message History

You hit the jelly but do no damage.
Your hands burn!
The jelly is moderately wounded.
The jelly misses you.
You hit the jelly but do no damage.
Your hands burn!
The jelly is moderately wounded.
The jelly completely misses you.
You hit the jelly.
Your hands burn!
The jelly is heavily wounded.
You hit the jelly. The acid corrodes you!
Your hands burn!
* * * LOW HITPOINT WARNING * * *
You bite the jelly, but do no damage.
The jelly is almost dead.
The jelly closely misses you.
You hit the jelly but do no damage. The acid corrodes you!
Your hands burn!
* * * LOW HITPOINT WARNING * * *
The jelly is almost dead.
The jelly hits you.
* * * LOW HITPOINT WARNING * * *
You are splashed with acid!
The acid burns!
You die...

..... ...###... ###
#.## ##...<... #..
...o ...5...#.
#.###.#####........
#..>....J.....).###
##..##.###.....#####
#.J###.....##.###...
##..@##...###..#.....
#................#...
#............######...
#............# ####
#........(...#
##........(.##
##...##...##
#######(## ##(#


You could see a jelly.

Vanquished Creatures
  3 ogres
  A big kobold (D:7)
  An orc wizard (D:7)
  5 adders
  An adder zombie (D:2)
  4 worms
  2 dart slugs
  5 leopard geckos
  5 orcs
  A ball python (D:2)
  4 giant cockroaches
  9 goblins
  4 hobgoblins (D:1)
  7 jackals
  3 quokkas
  4 bats
  7 frilled lizards
  8 kobolds
  7 rats
81 creatures vanquished.

Notes
Turn   | Place    | Note
-------+----------+-------------------------------------------
     0 | D:1      | RaHiT the Vampire Assassin began the quest for the Orb.
     0 | D:1      | Reached XP level 1. HP: 16/16 MP: 1/1
   212 | D:1      | Reached XP level 2. HP: 22/22 MP: 2/2
   306 | D:1      | Reached skill level 6 in Stealth
   801 | D:2      | Reached XP level 3. HP: 17/27 MP: 3/3
  1310 | D:2      | Reached XP level 4. HP: 31/33 MP: 4/4
  1356 | D:2      | Found a snail-covered altar of Cheibriados.
  1676 | D:3      | Reached skill level 1 in Armour
  2500 | D:4      | Noticed an ogre
  2507 | D:4      | Killed an ogre
  2507 | D:4      | Reached XP level 5. HP: 39/39 MP: 5/5
  2768 | D:4      | Noticed an ogre
  2800 | D:4      | Killed an ogre
  2800 | D:4      | Reached XP level 6. HP: 46/46 MP: 4/6
  2900 | D:4      | Found Osunein's Antique Weapon Shoppe.
  2904 | D:4      | You fall through a shaft for 3 floors!
  2915 | D:7      | Noticed Joseph
  2927 | D:7      | Reached skill level 7 in Stealth
  3131 | D:7      | Reached skill level 1 in Shields
  3288 | D:7      | Splashed by a jelly's acid

Skill      XL: |  1  2  3  4  5  6 |
---------------+-------------------+-----
Fighting       | 2 3 |  3.0
Stealth        | 6 7 |  7.4
Throwing       | 2 3 |  3.0
Dodging        | 2 3 |  3.4
Armour         | 1 2 |  2.0
Short Blades   | 3 |  3.5
Shields        | 1 |  1.1

Action                   |  1- 3 |  4- 6 || total
-------------------------+-------+-------++-------
Melee: Dagger            |   111 |   180 ||   291
       Bite              |     4 |    17 ||    21
 Fire: Blowgun           |       |    18 ||    18
Throw: Javelin           |       |     1 ||     1
 Abil: End Transformatio |       |     1 ||     1
       Bat Form          |       |     1 ||     1
  Use: Potion            |     6 |     6 ||    12
       Scroll            |     3 |     2 ||     5
 Stab: Sleeping          |    10 |    11 ||    21
Armor: Robe              |    25 |    10 ||    35
       Leather armour    |       |    24 ||    24
Dodge: Dodged            |    70 |    94 ||   164
